 Dungeon Crawl Stone Soup version 0.22.1-1-ga44c0e5 (webtiles) character file.

6525 Fang the Cleaver (level 11, 0/103 HPs)
             Began as a Gargoyle Berserker on Oct 17, 2018.
             Was a High Priest of Trog.
             Slain by Snorg (7 damage)
             ... on level 10 of the Dungeon.
             The game lasted 00:15:04 (9605 turns).

Fang the Cleaver (Gargoyle Berserker)               Turns: 9605, Time: 00:15:07

Health: 0/103      AC: 21    Str: 28    XL:     11   Next: 1%
Magic:  11/11      EV: 13    Int:  5    God:    Trog [*****.]
Gold:   1140       SH:  0    Dex: 14    Spells: 10/10 levels left

rFire    . . .     SeeInvis .   u - +0 war axe (chop)
rCold    . . .     Gourm    .   (no shield)
rNeg     + + +     Faith    .   r - +5 ring mail of Duty {*Slow Dex+6}
rPois    ∞         Spirit   .   w - +2 hat
rElec    +         Reflect  .   x - scarf {repulsion}
rCorr    .         Harm     .   (no gloves)
MR       .....                  (no boots)
Stlth    ..........             A - amulet "Ejodoani" {Acrobat rElec rN+++ Int-4 Dex-3}
HPRegen  0.27/turn              i - +2 ring of dexterity
MPRegen  0.12/turn              (no ring)

@: berserking, repel missiles, very quick
A: negative energy resistance 1, electricity resistance, unbreathing,
petrification resistance, rot immunity, AC +8
a: Berserk, Trog's Hand, Brothers in Arms, Renounce Religion


You were on level 10 of the Dungeon.
You worshipped Trog.
Trog was extremely pleased with you.
You were very hungry.

You visited 2 branches of the dungeon, and saw 11 of its levels.
You also visited: Ossuary.

You collected 1140 gold pieces.

Inventory:

Hand Weapons
 b - a +2 battleaxe
 u - a +0 war axe of chopping (weapon)
Armour
 r - the +5 ring mail of Duty (worn) {*Slow Dex+6}
   (You found it on level 8 of the Dungeon)

   It affects your dexterity (+6).
   It may slow you when you take damage.
 w - a +2 hat (worn)
 x - a scarf of repulsion (worn)
 C - a +0 plate armour
Jewellery
 i - a +2 ring of dexterity (left hand)
 y - an uncursed amulet of regeneration
 A - the amulet "Ejodoani" (around neck) {Acrobat rElec rN+++ Int-4 Dex-3}
   (You found it on level 10 of the Dungeon)

   [amulet of the acrobat]

   It helps you evade while moving and waiting.
   It affects your intelligence (-4).
   It affects your dexterity (-3).
   It insulates you from electricity.
   It renders you almost immune to negative energy.
Wands
 o - a wand of digging (23)
 v - a wand of paralysis (18)
Scrolls
 d - 11 scrolls of teleportation
 f - 3 scrolls of blinking
 g - a scroll of magic mapping
 h - 5 scrolls of remove curse
 m - 2 scrolls of fog
 z - a scroll of identify
Potions
 a - 2 potions of brilliance {unknown}
 e - 2 potions of magic {unknown}
 j - a potion of agility {unknown}
 k - 3 potions of flight {unknown}
 l - a potion of mutation {unknown}
 n - 2 potions of ambrosia {unknown}
 p - 3 potions of curing
 q - 4 potions of might
 s - 4 potions of haste
 t - a potion of lignification
 B - 2 potions of heal wounds
Comestibles
 c - 21 rations
 D - a chunk of flesh


   Skills:
 + Level 8.7 Fighting
 + Level 11.7 Axes
 + Level 5.2 Armour
 + Level 4.6 Dodging
 + Level 2.9 Stealth


You had 10 spell levels left.
You didn't know any spells.
Your spell library was empty.

Dungeon Overview and Level Annotations

Branches:
Dungeon (10/15)            Temple (1/1) D:6             Orc (0/2) D:9
   Lair: D:8-11

Altars:
Hepliaklqana
Nemelex Xobeh
Okawaru
Qazlal
Wu Jian
Yredelemnul
The Shining One

Shops:
D:7 }

Annotations:
D:8 2 transporters, cranach's ghost, novice GnSk
D:10 Snorg


Innate Abilities, Weirdness & Mutations

You are resistant to torment.
Your stone body is resilient. (AC +8)
You are immune to poison.
You resist negative energy. (rN+)
You are resistant to electric shocks. (rElec)
You can survive without breathing.
You are immune to petrification.
You are immune to rotting.


Message History

You hit Snorg.
Snorg is heavily wounded.
Snorg bites you!
* * * LOW HITPOINT WARNING * * *
Snorg claws you but does no damage. x2
You slice Snorg!!
Snorg is severely wounded.
Snorg bites you!
* * * LOW HITPOINT WARNING * * *
Snorg closely misses you. Snorg claws you but does no damage.
You slash Snorg!
Snorg is severely wounded.
You hit Snorg.
Snorg is severely wounded.
Snorg bites you.
* * * LOW HITPOINT WARNING * * *
Snorg claws you!
* * * LOW HITPOINT WARNING * * *
Snorg claws you!
You die...

######......
#...........
............
.........[..
..).........
..)........###########
####.......#.........#
#.......#....T†...+
#.......#....@....#
#.......#.........#
####.......#.........#
...........#.........#
...........##'########
.....................
#####.....###########
#######


You could see Snorg (berserk).

Vanquished Creatures
  Harold (D:8)
  Pikel (D:7)
  3 hippogriffs
  6 yaks (D:9)
  Purgy (D:4)
  3 slaves (D:7)
  5 orc warriors
  A black bear (D:8)
  2 sky beasts (D:8)
  An ice beast (D:7)
  2 ogres
  4 phantoms
  2 centaurs
  3 bullfrogs
  2 scorpions
  A water moccasin skeleton (D:8)
  7 wights (D:9)
  A howler monkey (D:6)
  2 crimson imps
  3 hounds
  A centaur skeleton (D:4)
  3 jellies
  15 orc priests
  A gnoll shaman (D:6)
  Ijyb (D:3)
  3 iguanas
  10 orc wizards
  4 worker ants
  A big kobold zombie (Ossuary)
  A hound zombie (D:5)
  8 mummies (Ossuary)
  A hound skeleton (D:4)
  9 gnolls
  13 adders
  A shadow imp (D:5)
  An ooze (D:2)
  4 adder skeletons
  6 worms
  A dart slug (D:5)
  5 leopard geckos
  42 orcs
  4 giant cockroaches
  9 goblins
  8 hobgoblins
  6 jackals
  5 quokkas
  2 ball pythons
  9 bats
  3 frilled lizards
  2 gnoll zombies (Ossuary)
  A hobgoblin zombie (Ossuary)
  4 kobolds
  4 kobold zombies (Ossuary)
  A leopard gecko skeleton (D:5)
  A leopard gecko zombie (D:8)
  6 rats
247 creatures vanquished.

Notes
Turn   | Place    | Note
-------+----------+-------------------------------------------
     0 | D:1      | Fang the Gargoyle Berserker began the quest for the Orb.
     0 | D:1      | Reached XP level 1. HP: 14/14 MP: 1/1
    98 | D:1      | Reached XP level 2. HP: 13/19 MP: 2/2
   197 | D:1      | Reached skill level 3 in Axes
   559 | D:1      | Reached XP level 3. HP: 24/24 MP: 3/3
  1310 | D:2      | Reached ** piety under Trog
  1310 | D:2      | Reached XP level 4. HP: 28/29 MP: 4/4
  1924 | D:3      | Reached XP level 5. HP: 34/34 MP: 5/5
  2038 | D:3      | Reached skill level 4 in Axes
  2590 | D:3      | Noticed Ijyb
  2600 | D:3      | Killed Ijyb
  2690 | D:3      | Reached skill level 1 in Stealth
  2873 | D:4      | Reached *** piety under Trog
  2899 | D:4      | Reached XP level 6. HP: 25/39 MP: 6/6
  3186 | D:4      | Found an ornate altar of the Wu Jian Council.
  3457 | D:4      | Noticed Purgy
  3469 | D:4      | Killed Purgy
  3469 | D:4      | Reached skill level 5 in Fighting
  3469 | D:4      | Reached skill level 5 in Axes
  3469 | D:4      | Reached XP level 7. HP: 44/44 MP: 7/7
  3842 | D:5      | Entered Level 5 of the Dungeon
  3855 | D:5      | Found an iron altar of Okawaru.
  4356 | D:5      | Reached skill level 6 in Axes
  4593 | D:5      | Reached XP level 8. HP: 36/50 MP: 8/8
  5281 | D:6      | Reached **** piety under Trog
  5351 | D:6      | Found a hazy altar of Hepliaklqana.
  5514 | D:6      | Reached skill level 7 in Axes
  5612 | D:6      | Found a glowing golden altar of the Shining One.
  5660 | D:6      | Found a stormy altar of Qazlal.
  6012 | D:6      | Found a staircase to the Ecumenical Temple.
  6037 | Temple   | Entered the Ecumenical Temple
  6255 | D:7      | Found a sand-covered staircase.
  6264 | Ossuary  | Entered an ossuary
  6493 | D:7      | Reached skill level 8 in Axes
  6493 | D:7      | Reached XP level 9. HP: 38/56 MP: 9/9
  6703 | D:7      | Found a sparkling altar of Nemelex Xobeh.
  6741 | D:7      | Found Tuew's Gadget Boutique.
  6759 | D:7      | Reached ***** piety under Trog
  7033 | D:7      | Noticed Pikel
  7037 | D:7      | Paralysed by Pikel for 7 turns
  7050 | D:7      | Paralysed by Pikel for 4 turns
  7055 | D:7      | Killed Pikel
  7055 | D:7      | Reached skill level 9 in Axes
  7518 | D:8      | Noticed Harold
  7536 | D:8      | Killed Harold
  7536 | D:8      | Reached skill level 10 in Axes
  7536 | D:8      | Reached XP level 10. HP: 63/63 MP: 10/10
  7989 | D:8      | Found a transporter.
  7989 | D:8      | Noticed cranach's ghost (novice GnSk)
  7997 | D:8      | Found a transporter.
  8223 | D:8      | Got a distressingly furry ring mail
  8234 | D:8      | Identified the +5 ring mail of Duty {*Slow Dex+6} (You
                  | found it on level 8 of the Dungeon)
  8501 | D:9      | Reached skill level 11 in Axes
  8731 | D:9      | Reached skill level 5 in Armour
  8898 | D:9      | Found a staircase to the Orcish Mines.
  9296 | D:9      | Found a basalt altar of Yredelemnul.
  9392 | D:9      | Found a glowing golden altar of the Shining One.
  9394 | D:9      | Noticed an angel
  9485 | D:10     | Entered Level 10 of the Dungeon
  9534 | D:10     | Got a pitted amethyst amulet
  9543 | D:10     | Identified the amulet "Ejodoani" {Acrobat rElec rN+++ Int-4
                  | Dex-3} (You found it on level 10 of the Dungeon)
  9546 | D:10     | Reached XP level 11. HP: 69/69 MP: 11/11
  9588 | D:10     | Noticed Snorg
  9605 | D:10     | Slain by Snorg

Skill      XL: |  1  2  3  4  5  6  7  8  9 10 |
---------------+-------------------------------+-----
Axes           | 3 4 5 6 8 10 11 | 11.7
Fighting       | 4 5 6 7 8 |  8.7
Dodging        | 2 3 4 |  4.6
Stealth        | 1 2 |  2.9
Armour         | 4 5 |  5.2

Action                   |  1- 3 |  4- 6 |  7- 9 | 10-12 || total
-------------------------+-------+-------+-------+-------++-------
Melee: Hand axe          |   107 |   222 |   255 |       ||   584
       Battleaxe         |       |       |    98 |       ||    98
       War axe           |       |       |    53 |   184 ||   237
Invok: Berserk           |     2 |     3 |     6 |     2 ||    13
  Use: Scroll            |       |       |    16 |     2 ||    18
 Stab: Sleeping          |       |     1 |     2 |       ||     3
  Eat: Chunk             |     3 |     9 |    12 |     9 ||    33
       Ration            |       |       |     2 |       ||     2
Armor: Animal skin       |    45 |    73 |    75 |       ||   193
       Plate armour      |       |       |   135 |    35 ||   170
       Ring mail         |       |       |       |    62 ||    62
Dodge: Dodged            |   101 |   161 |   202 |   126 ||   590
       Deflected         |       |       |     3 |     1 ||     4
